MLB
TAMPA BAY RAYS @ BALTIMORE ORIOLES
05/12/2018
 
TOP OF THE 1ST
Tampa Bay Rays batting - Pitching for Baltimore Orioles : RHP Jeff Hoffman
Pitching: RHP Jeff Hoffman
Batting: RHB A.J. Pollock 0-0: Called Strike
0-1: Ball
1-1: Foul Ball, location: 2F
1-2: Strikes out swinging
Batting: LHB Adam Eaton 0-0: Called Strike
0-1: Ball
1-1: Ground out 1-3 (Groundball, 34S)
Batting: LHB Joey Votto 0-0: Ball
1-0: Ball
2-0: Ball
3-0: Base on Balls
Batting: RHB Gary Sanchez 0-0: Called Strike
0-1: Ball
1-1: SINGLE (Groundball, 6MD)
Joey Votto to second
Runner from 2nd tries for 3rd, OUT!
Top of the 1st over - 0 runs, 1 hit, 0 errors, 1 left on base; Tampa Bay 0 - Baltimore 0
BOTTOM OF THE 1ST
Baltimore Orioles batting - Pitching for Tampa Bay Rays : RHP Michael Pineda
Pitching: RHP Michael Pineda
Batting: SHB Dexter Fowler 0-0: Called Strike
0-1: Foul Ball, location: 2F
0-2: Ball
1-2: Foul Ball, location: 2F
1-2: Fly out, F6 (Flyball, 56D)
Batting: LHB Nomar Mazara 0-0: Ball
1-0: Foul Ball, location: 2F
1-1: Ball
2-1: Fly out, F6 (Popup, 4MD)
Batting: LHB Rafael Devers 0-0: Swinging Strike
0-1: SINGLE (Line Drive, 89S)
Batting: SHB Jose Reyes 0-0: Ball
1-0: Ball
2-0: Ball
3-0: Called Strike
3-1: Foul Ball, location: 2F
3-2: Ground out U3 (Groundball, 3)
Bottom of the 1st over - 0 runs, 1 hit, 0 errors, 1 left on base; Tampa Bay 0 - Baltimore 0
TOP OF THE 2ND
Tampa Bay Rays batting - Pitching for Baltimore Orioles : RHP Jeff Hoffman
Batting: LHB Michael Conforto 0-0: Called Strike
0-1: Ball
1-1: Foul Ball, location: 2F
1-2: Ball
2-2: Ball
3-2: Strikes out looking
Batting: RHB Adrian Beltre 0-0: Called Strike
0-1: Ball
1-1: Ground out 5-3 (Groundball, 5L)
Batting: SHB Neil Walker 0-0: Foul Ball, location: 2F
0-1: Ball
1-1: Ball
2-1: Ball
3-1: Base on Balls
Batting: LHB Chris Davis 0-0: Foul Ball, location: 2F
0-1: Foul Ball, location: 2F
0-2: Ball
1-2: Foul Ball, location: 2F
1-2: Foul Ball, location: 2F
1-2: Ball
2-2: Strikes out swinging
Top of the 2nd over - 0 runs, 0 hits, 0 errors, 1 left on base; Tampa Bay 0 - Baltimore 0
BOTTOM OF THE 2ND
Baltimore Orioles batting - Pitching for Tampa Bay Rays : RHP Michael Pineda
Batting: LHB Brandon Moss 0-0: Called Strike
0-1: Called Strike
0-2: Strikes out looking
Batting: LHB Stephen Vogt 0-0: Ball
1-0: Fly out, F8 (Line Drive, 8RM)
Batting: SHB Jorge Polanco 0-0: Ball
1-0: Ball
2-0: Ball
3-0: Called Strike
3-1: Foul Ball, location: 2F
3-2: Fly out, F5 (Line Drive, 5)
Bottom of the 2nd over - 0 runs, 0 hits, 0 errors, 0 left on base; Tampa Bay 0 - Baltimore 0
TOP OF THE 3RD
Tampa Bay Rays batting - Pitching for Baltimore Orioles : RHP Jeff Hoffman
Batting: RHB Matt Duffy 0-0: Fly out, F8 (Flyball, 8LS)
Batting: RHB A.J. Pollock 0-0: Ball
1-0: Ball
2-0: Ball
3-0: Base on Balls
Batting: LHB Adam Eaton 0-0: Called Strike
0-1: Ball
1-1: Ball
A.J. Pollock steals 2nd base
2-1: Foul Ball, location: 2F
2-2: Ball
3-2: Base on Balls
Batting: LHB Joey Votto 0-0: Called Strike
0-1: Ball
1-1: Ball
2-1: Foul Ball, location: 2F
2-2: Ball
3-2: Fly out, F8 (Flyball, 8RXD)
Runner from 2nd tags up, SAFE at 3rd, no throw
Batting: RHB Gary Sanchez 0-0: Called Strike
0-1: Called Strike
0-2: Foul Ball, location: 2F
0-2: Ball
1-2: Foul Ball, location: 2F
1-2: Strikes out swinging
Top of the 3rd over - 0 runs, 0 hits, 0 errors, 2 left on base; Tampa Bay 0 - Baltimore 0
BOTTOM OF THE 3RD
Baltimore Orioles batting - Pitching for Tampa Bay Rays : RHP Michael Pineda
Batting: RHB Austin Barnes 0-0: Ground out 6-3 (Groundball, 6)
Batting: RHB Albert Almora 0-0: Ball
1-0: Called Strike
1-1: SINGLE (Groundball, 4MD)
Batting: SHB Dexter Fowler 0-0: Called Strike
0-1: Ball
1-1: Called Strike
1-2: Foul Ball, location: 2F
1-2: Foul Ball, location: 2F
1-2: Ball
2-2: Strikes out swinging
Batting: LHB Nomar Mazara 0-0: Ball
1-0: Ball
2-0: Called Strike
2-1: Swinging Strike
2-2: Foul Ball, location: 2F
2-2: Ball
3-2: Foul Ball, location: 2F
3-2: Fly out, F8 (Flyball, 8RXD)
Bottom of the 3rd over - 0 runs, 1 hit, 0 errors, 1 left on base; Tampa Bay 0 - Baltimore 0
TOP OF THE 4TH
Tampa Bay Rays batting - Pitching for Baltimore Orioles : RHP Jeff Hoffman
Batting: LHB Michael Conforto 0-0: Called Strike
0-1: Foul Ball, location: 2F
0-2: Ball
1-2: Ball
2-2: Fly out, F9 (Flyball, 9LD)
Batting: RHB Adrian Beltre 0-0: Fly out, F8 (Flyball, 78D)
Batting: SHB Neil Walker 0-0: Ball
1-0: Ground out 1-3 (Groundball, P)
Top of the 4th over - 0 runs, 0 hits, 0 errors, 0 left on base; Tampa Bay 0 - Baltimore 0
BOTTOM OF THE 4TH
Baltimore Orioles batting - Pitching for Tampa Bay Rays : RHP Michael Pineda
Batting: LHB Rafael Devers 0-0: Called Strike
0-1: Fly out, F5 (Line Drive, 5)
Batting: SHB Jose Reyes 0-0: Ball
1-0: Foul Ball, location: 2F
1-1: Ball
2-1: Foul Ball, location: 2F
2-2: Fly out, F8 (Line Drive, 8LM)
Batting: LHB Brandon Moss 0-0: Fly out, F9 (Flyball, 89M)
Bottom of the 4th over - 0 runs, 0 hits, 0 errors, 0 left on base; Tampa Bay 0 - Baltimore 0
TOP OF THE 5TH
Tampa Bay Rays batting - Pitching for Baltimore Orioles : RHP Jeff Hoffman
Batting: LHB Chris Davis 0-0: Ball
1-0: Foul Ball, location: 2F
1-1: Foul Ball, location: 2F
1-2: SINGLE (Groundball, 34S) (infield hit)
Batting: RHB Matt Duffy 0-0: Called Strike
0-1: Grounds into double play, 5-4-3 (Groundball, 5)
Batting: RHB A.J. Pollock 0-0: Ball
1-0: Called Strike
1-1: Ground out 5-3 (Groundball, 56)
Top of the 5th over - 0 runs, 1 hit, 0 errors, 0 left on base; Tampa Bay 0 - Baltimore 0
BOTTOM OF THE 5TH
Baltimore Orioles batting - Pitching for Tampa Bay Rays : RHP Michael Pineda
Batting: LHB Stephen Vogt 0-0: Ball
1-0: Ball
2-0: Foul Ball, location: 2F
2-1: Called Strike
2-2: Fly out, F7 (Flyball, 7)
Batting: SHB Jorge Polanco 0-0: Ball
1-0: Foul Ball, location: 2F
1-1: Called Strike
1-2: Ball
2-2: Ground out U3 (Groundball, 34)
Batting: RHB Austin Barnes 0-0: Called Strike
0-1: Foul Ball, location: 2F
0-2: Ball
1-2: Fly out, F7 (Flyball, 7LS)
Bottom of the 5th over - 0 runs, 0 hits, 0 errors, 0 left on base; Tampa Bay 0 - Baltimore 0
TOP OF THE 6TH
Tampa Bay Rays batting - Pitching for Baltimore Orioles : RHP Jeff Hoffman
Batting: LHB Adam Eaton 0-0: Foul Ball, location: 2F
0-1: Bunted foul
0-2: Ball
1-2: Foul Ball, location: 2F
1-2: Ball
2-2: SINGLE (Line Drive, 7S)
Batting: LHB Joey Votto 0-0: Ball
1-0: Ball
2-0: Fly out, F7 (Flyball, 7S)
Batting: RHB Gary Sanchez 0-0: Called Strike
0-1: DOUBLE (Line Drive, 78D)
Adam Eaton to third
Batting: LHB Michael Conforto 0-0: Ball
1-0: Foul Ball, location: 2F
1-1: Ball
2-1: Foul Ball, location: 2F
2-2: Foul Ball, location: 2F
2-2: Strikes out swinging
Batting: RHB Adrian Beltre 0-0: SINGLE (Flyball, 89S)
Adam Eaton scores
Gary Sanchez to third
Runner from 3rd tries for Home, throw and OUT!
Top of the 6th over - 1 run, 3 hits, 0 errors, 1 left on base; Tampa Bay 1 - Baltimore 0
BOTTOM OF THE 6TH
Baltimore Orioles batting - Pitching for Tampa Bay Rays : RHP Michael Pineda
Batting: RHB Albert Almora 0-0: Foul Ball, location: 2F
0-1: Ball
1-1: Foul Ball, location: 2F
1-2: Ground out 1-3 (Groundball, 13)
Batting: SHB Dexter Fowler 0-0: Foul Ball, location: 2F
0-1: SOLO HOME RUN (Line Drive, 7D), Distance : 392 ft
Batting: LHB Nomar Mazara 0-0: Called Strike
0-1: Fly out, F3 (Line Drive, 3)
Batting: LHB Rafael Devers 0-0: Ball
1-0: Fly out, F5 (Popup, 25F)
Bottom of the 6th over - 1 run, 1 hit, 0 errors, 0 left on base; Tampa Bay 1 - Baltimore 1
TOP OF THE 7TH
Tampa Bay Rays batting - Pitching for Baltimore Orioles : RHP Jeff Hoffman
Pitching: RHP Pedro Strop
Batting: SHB Neil Walker 0-0: Swinging Strike
0-1: Ball
1-1: Swinging Strike
1-2: Ball
2-2: Strikes out looking
Batting: LHB Chris Davis 0-0: Ground out 1-3 (Groundball, P)
Batting: RHB Matt Duffy 0-0: Foul Ball, location: 2F
0-1: Ball
1-1: Fly out, F8 (Flyball, 8LM)
Top of the 7th over - 0 runs, 0 hits, 0 errors, 0 left on base; Tampa Bay 1 - Baltimore 1
BOTTOM OF THE 7TH
Baltimore Orioles batting - Pitching for Tampa Bay Rays : RHP Michael Pineda
Batting: SHB Jose Reyes 0-0: Called Strike
0-1: Called Strike
0-2: Foul Ball, location: 2F
0-2: Fly out, F9 (Flyball, 9)
Batting: LHB Brandon Moss 0-0: Ball
1-0: Foul Ball, location: 2F
1-1: Swinging Strike
1-2: Strikes out swinging
Batting: LHB Stephen Vogt 0-0: Ball
1-0: Ball
2-0: Called Strike
2-1: Ball
3-1: Foul Ball, location: 2F
3-2: Fly out, F8 (Flyball, 8RM)
Bottom of the 7th over - 0 runs, 0 hits, 0 errors, 0 left on base; Tampa Bay 1 - Baltimore 1
TOP OF THE 8TH
Tampa Bay Rays batting - Pitching for Baltimore Orioles : RHP Pedro Strop
Pitching: LHP Adalberto Mejia
Batting: RHB A.J. Pollock 0-0: SINGLE (Line Drive, 89S)
Batting: LHB Adam Eaton 0-0: Ball
1-0: Ball
2-0: Called Strike
2-1: Fly out, F7 (Line Drive, 7)
Batting: LHB Joey Votto 0-0: Foul Ball, location: 2F
0-1: Swinging Strike
0-2: Ball
1-2: Foul Ball, location: 2F
1-2: Ball
2-2: SINGLE (Groundball, 15S) (infield hit)
A.J. Pollock to second
Batting: RHB Gary Sanchez 0-0: Fly out, F7 (Flyball, 78D)
Batting: LHB Michael Conforto 0-0: Ball
1-0: Called Strike
1-1: 3-RUN HOME RUN (Flyball, 7D), Distance : 384 ft
Batting: RHB Adrian Beltre 0-0: Foul Ball, location: 2F
0-1: Swinging Strike
0-2: Ball
1-2: Foul Ball, location: 2F
1-2: SINGLE (Flyball, 8RS) - OUT at second base trying to stretch hit.
Top of the 8th over - 3 runs, 4 hits, 0 errors, 0 left on base; Tampa Bay 4 - Baltimore 1
BOTTOM OF THE 8TH
Baltimore Orioles batting - Pitching for Tampa Bay Rays : RHP Michael Pineda
Pitching: LHP James Pazos
Batting: SHB Jorge Polanco 0-0: Ground out 6-3 (Groundball, 56)
Batting: RHB Austin Barnes 0-0: Ball
1-0: Called Strike
1-1: Ground out 4-3 (Groundball, 4)
Batting: RHB Albert Almora 0-0: Called Strike
0-1: Called Strike
0-2: Strikes out looking
Bottom of the 8th over - 0 runs, 0 hits, 0 errors, 0 left on base; Tampa Bay 4 - Baltimore 1
TOP OF THE 9TH
Tampa Bay Rays batting - Pitching for Baltimore Orioles : LHP Adalberto Mejia
Batting: SHB Neil Walker 0-0: Called Strike
0-1: Called Strike
0-2: Ball
1-2: Ball
2-2: Strikes out swinging
Batting: LHB Chris Davis 0-0: Ball
1-0: Ball
2-0: Called Strike
2-1: Foul Ball, location: 2F
2-2: Foul Ball, location: 2F
2-2: Strikes out swinging
Batting: RHB Matt Duffy 0-0: Ball
1-0: Fly out, F4 (Popup, 34)
Top of the 9th over - 0 runs, 0 hits, 0 errors, 0 left on base; Tampa Bay 4 - Baltimore 1
BOTTOM OF THE 9TH
Baltimore Orioles batting - Pitching for Tampa Bay Rays : LHP James Pazos
Pitching: RHP Brad Brach
Batting: SHB Dexter Fowler 0-0: Called Strike
0-1: Ball
1-1: Foul Ball, location: 2F
1-2: Ground out 6-3 (Groundball, 6)
Batting: LHB Nomar Mazara 0-0: Ball
1-0: Ball
2-0: Ball
3-0: Base on Balls
Batting: LHB Rafael Devers 0-0: 2-RUN HOME RUN (Flyball, 9D), Distance : 369 ft
Batting: SHB Jose Reyes 0-0: Called Strike
0-1: Ball
1-1: Foul Ball, location: 2F
1-2: Foul Ball, location: 2F
1-2: Strikes out swinging
Batting: LHB Brandon Moss 0-0: SOLO HOME RUN (Flyball, 9LD), Distance : 334 ft
Pitching: RHP Frankie Montas
Batting: LHB Stephen Vogt 0-0: Called Strike
0-1: Foul Ball, location: 2F
0-2: Ball
1-2: Strikes out swinging
Bottom of the 9th over - 3 runs, 2 hits, 0 errors, 0 left on base; Tampa Bay 4 - Baltimore 4
TOP OF THE 10TH
Tampa Bay Rays batting - Pitching for Baltimore Orioles : LHP Adalberto Mejia
Batting: RHB A.J. Pollock 0-0: Ball
1-0: Foul Ball, location: 2F
1-1: SINGLE (Groundball, 4) (infield hit)
Batting: LHB Adam Eaton 0-0: Fielders Choice at 2nd, 6-4 (Groundball, 6D)
Batting: LHB Joey Votto 0-0: Ball
1-0: SINGLE (Line Drive, 7S)
Adam Eaton to second
Batting: RHB Gary Sanchez 0-0: Called Strike
0-1: Foul Ball, location: 2F
0-2: Ball
1-2: SINGLE (Groundball, 6MD)
Adam Eaton to third
Joey Votto to second
Runner from 3rd tries for Home, SAFE, no throw
Batting: LHB Michael Conforto 0-0: DOUBLE (Line Drive, 8LXD)
Joey Votto scores
Gary Sanchez to third
Batting: RHB Adrian Beltre 0-0: Intentional Walk
Batting: SHB Neil Walker 0-0: Ball
1-0: Called Strike
1-1: Foul Ball, location: 2F
1-2: Foul Ball, location: 2F
1-2: Ball
2-2: Strikes out swinging
Batting: LHB Chris Davis 0-0: Called Strike
0-1: Ball
1-1: Ball
2-1: Called Strike
2-2: Foul Ball, location: 2F
2-2: Foul Ball, location: 2F
2-2: Foul Ball, location: 2F
2-2: Hit by Pitch
Gary Sanchez scores
Michael Conforto to third
Adrian Beltre to second
Batting: RHB Matt Duffy 0-0: Ball
1-0: Ball
2-0: Ball
3-0: Called Strike
3-1: Foul Ball, location: 2F
3-2: Base on Balls
Michael Conforto scores
Adrian Beltre to third
Chris Davis to second
Pitching: RHP Jimmie Sherfy
Batting: RHB A.J. Pollock 0-0: Ball
1-0: Ball
2-0: Ball
3-0: Base on Balls
Adrian Beltre scores
Chris Davis to third
Matt Duffy to second
Batting: LHB Adam Eaton 0-0: Swinging Strike
0-1: Swinging Strike
0-2: Ball
1-2: Strikes out swinging
Top of the 10th over - 5 runs, 4 hits, 0 errors, 3 left on base; Tampa Bay 9 - Baltimore 4
BOTTOM OF THE 10TH
Baltimore Orioles batting - Pitching for Tampa Bay Rays : RHP Frankie Montas
Batting: SHB Jorge Polanco 0-0: Ball
1-0: Called Strike
1-1: Swinging Strike
1-2: Ball
2-2: Ball
3-2: Base on Balls
Batting: RHB Austin Barnes 0-0: Ball
1-0: Called Strike
1-1: Ball
2-1: Foul Ball, location: 2F
2-2: Grounds into double play, 6-4-3 (Groundball, 6)
Batting: RHB Albert Almora 0-0: Called Strike
0-1: Ball
1-1: Hit by Pitch
Batting: SHB Dexter Fowler 0-0: Ball
1-0: Swinging Strike
1-1: Called Strike
1-2: Ball
2-2: Strikes out swinging
Bottom of the 10th over - 0 runs, 0 hits, 0 errors, 1 left on base; Tampa Bay 9 - Baltimore 4
Sunday, July 1st, 2018 - OOTP Baseball 19.6 Build 53